AoeStats
← The Red Knight

Arena

503912676Analyzed
1v1 RM · 29d ago on Sep 3, 2026· 39m 26s· 2 players
Game mode
Random Map
Map size
Tiny (2 player)
Population
200
Speed
Normal
Resources
Standard
Victory
Conquest
Starting age
Dark Age
Ending age
Imperial Age
RankedLock teamsTeams togetherTeam positionsShared explorationLock speedFull tech treeHidden civsTurbo modeCheats
Victory
Defeat
🇺🇸 Gurjaras · United States
1131
+16
🇨🇴 Byzantines · Colombia
1124
-16
Diegonorreea
12:29 Feudal Age
17:26 Castle Age
16:03 Double-Bit Axe
18:34 Bow Saw
22:53 Imperial Age
26:06 Bow Saw
27:25 Scale Mail Armor
27:26 Padded Archer Armor
27:16 Horse Collar
27:16 Pikeman
28:39 Forging
29:50 Wheelbarrow
29:00 Loom
29:24 Gold Mining
29:53 Squires
31:03 Gold Shaft Mining
31:12 Chain Mail Armor
31:12 Leather Archer Armor
32:03 Two-Man Saw
32:45 Plate Mail Armor
32:30 Leather Archer Armor
32:24 Gambesons
32:25 Arson
32:30 Halberdier
38:47 Elite Skirmisher
The Red Knight
10:46 Feudal Age
14:37 Castle Age
12:47 Double-Bit Axe
13:33 Horse Collar
14:08 Loom
19:15 Bow Saw
20:55 Wheelbarrow
20:42 Heavy Plow
20:36 Gold Mining
22:17 Gold Shaft Mining
23:09 Stone Mining
24:32 Scale Barding Armor
24:57 Hand Cart
25:37 Stone Shaft Mining
25:10 Husbandry
25:20 Bloodlines
26:20 Forging
27:50 Chain Barding Armor
27:53 Town Watch
29:08 Iron Casting
31:23 Imperial Age
29:39 Fletching
31:02 Bodkin Arrow
31:44 Heavy Camel Rider
33:02 Plate Barding Armor
32:57 Bracer
32:22 Elite Elephant Archer
34:30 Padded Archer Armor
37:14 Ballistics
37:55 Chemistry
38:55 Light Cavalry
Connection lost

Rejoining the realm…

Still unreachable

The connection could not be restored.

Session expired

The server has moved on; the page needs a fresh start.